 Dungeon Sprint DCSS version 0.30-a0-149-g7f746667c4 (webtiles) character file.

Game seed: 15772007346466647449

8929 ytrimaz the Warrior (level 11, -2/119 HPs)
             Began as a Minotaur Fighter on Sept 26, 2022.
             Was a High Priest of Okawaru.
             Slain by a +6 battleaxe of flaming (20 damage)
             ... in the Dungeon (Sprint V: "Ziggurat Sprint").
             The game lasted 00:04:32 (1086 turns).

ytrimaz the Warrior (Minotaur Fighter)              Turns: 1086, Time: 00:04:32

Health: -2/119     AC: 29    Str: 34    XL:     11   Next: 16%
Magic:  8/15       EV:  9    Int:  5    God:    Okawaru [*****.]
Gold:   0          SH:  0    Dex: 10    Spells: 10/10 levels left

rFire   + + +      SeeInvis .    l - +7 great mace "Firestarter" {inner flame, rF++}
rCold   + . .      Faith    .    (shield currently unavailable)
rNeg    + . .      Spirit   .    j - +5 gold dragon scales
rPois   +          Reflect  .    (helmet restricted)
rElec   .          Harm     .    (no cloak)
rCorr   +          Rampage  .    (no gloves)
Will    .....      NoTele   +    (no boots)
Stlth   ..........               K - amulet of Jum Gyli {Contam +Blink rN+ Regen+}
HPRegen 1.09/turn                s - +6 ring of strength
MPRegen 0.14/turn                H - ring of Fatigue {rPois rCorr Str+3 Stlth+}

@: heroic, finesse-ful, studying Axes
A: horns 2, retaliatory headbutt
a: Renounce Religion, Evoke Blink, Heroism, Finesse


You were in the Dungeon.
You worshipped Okawaru.
Okawaru was extremely pleased with you.
You visited 1 branch


Innate Abilities, Weirdness & Mutations

You have a pair of horns on your head.
You reflexively headbutt those who attack you in melee.


   Skills:
 + Level 18.0(23.0) Fighting
 + Level 17.6(22.6) Maces & Flails
 + Level 18.0(23.0) Armour
 - Level 9.0(14.0) Shields
 - Level 2.1(7.1) Unarmed Combat
 - Level 7.0 Invocations


You had 10 spell levels left.
You didn't know any spells.
Your spell library contained the following spells:

 Spells                   Type           Power      Damage    Failure   Level
 Beastly Appendage        Tmut           0%         N/A       97%         1
 Magic Dart               Conj           0%         1d3       97%         1
 Cigotuvi's Dreadful Rot  Necr/Pois/Air  0%         N/A       99%         2
 Static Discharge         Conj/Air       0%         2-2/arc   99%         2
 Mephitic Cloud           Conj/Pois/Air  0%         N/A       100%        3
 Swiftness                Air            0%         N/A       100%        3
 Fulminant Prism          Conj/Hex       0%         3d6       100%        4
 Agony                    Necr           0%         N/A       100%        5
 Irradiate                Conj/Tmut      0%         3d11      100%        5
 Eringya's Noxious Bog    Tmut/Pois      0%         N/A       100%        6
 Iron Shot                Conj/Erth      0%         9d1       100%        6
 Statue Form              Tmut/Erth      0%         N/A       100%        6
 Necromutation            Tmut/Necr      0%         N/A       100%        8
 Summon Forest            Summ/Tloc      Unusable   N/A       N/A         5
 Summon Hydra             Summ           Unusable   N/A       N/A         7

Inventory:

Hand Weapons
 l - the +7 great mace "Firestarter" (weapon) {inner flame, rF++}
   (You found it in the Dungeon)

   It burns those it strikes, dealing additional fire damage.
   It fills those it strikes with an explosive inner flame.
   It grants immunity to clouds of flame.
   rF:        It greatly protects you from fire.
 m - the +6 shillelagh "Devastator" {shatter}
   (You found it in the Dungeon)

   It releases a powerful concussive burst when it strikes, dealing extra damage
   to the target and all other foes adjacent to them.
Armour
 a - a +0 scale mail
 b - a +0 buckler
 j - +5 gold dragon scales (worn)
   (You found it in the Dungeon)
 k - a +3 tower shield
   (You found it in the Dungeon)
Jewellery
 n - a ring of flight
   (You found it in the Dungeon)
 o - a +6 ring of dexterity
   (You found it in the Dungeon)
 p - a +6 ring of dexterity
   (You found it in the Dungeon)
 q - a +6 ring of intelligence
   (You found it in the Dungeon)
 r - a +6 ring of intelligence
   (You found it in the Dungeon)
 s - a +6 ring of strength (left hand)
   (You found it in the Dungeon)
 t - a +6 ring of strength
   (You found it in the Dungeon)
 B - a ring of fire
   (You found it in the Dungeon)
 F - the ring "Ypry Hie" {rPois rF+ rN+}
   (You found it in the Dungeon)

   [ring of poison resistance]

   rF:        It protects you from fire.
   rPois:     It protects you from poison.
   rN:        It protects you from negative energy.
 G - a ring of magical power
   (You found it in the Dungeon)
 H - the ring of Fatigue (right hand) {rPois rCorr Str+3 Stlth+}
   (You found it in the Dungeon)

   [ring of poison resistance]

   Str:       It affects your strength (+3).
   rPois:     It protects you from poison.
   rCorr:     It protects you from acid and corrosion.
   Stlth:     It makes you more stealthy.
 J - a ring of willpower
   (You found it in the Dungeon)
 K - the amulet of Jum Gyli (around neck) {Contam +Blink rN+ Regen+}
   (You found it in the Dungeon)

   [amulet of regeneration]

   rN:        It protects you from negative energy.
   +Blink:    It lets you blink.
   Contam:    It causes magical contamination when unequipped.
   Regen:     It increases your rate of health regeneration.
 L - the amulet of the Final Decision {Faith rElec rC+ Dex-2}
   (You found it in the Dungeon)

   [amulet of faith]

   It allows you to gain divine favour quickly.
   Dex:       It affects your dexterity (-2).
   rC:        It protects you from cold.
   rElec:     It insulates you from electricity.
Wands
 u - a wand of mindburst (7)
   (You found it in the Dungeon)
 v - a wand of iceblast (7)
   (You found it in the Dungeon)
 w - a wand of acid (7)
   (You found it in the Dungeon)
Scrolls
 i - 4 scrolls of blinking
 y - 4 scrolls of amnesia
 C - 7 scrolls of butterflies
 D - 5 scrolls of identify
 E - 2 scrolls of fear
 I - a scroll of brand weapon
Potions
 c - 7 potions of might
 d - 9 potions of curing
 e - 10 potions of heal wounds
 f - 5 potions of haste
 g - 7 potions of magic
 h - 3 potions of berserk rage
 x - 2 potions of brilliance
 z - 2 potions of invisibility
 A - 4 potions of resistance

Dungeon Overview and Level Annotations

Branches:
Dungeon (1/1) Zot: 27000

Altars:
Ashenzari
Cheibriados
Dithmenos
Elyvilon
Fedhas
Gozag
Hepliaklqana
Kikubaaqudgha
Makhleb
Nemelex Xobeh
Okawaru
Qazlal
Ru
Sif Muna
Trog
Uskayaw
Vehumet
Wu Jian
Xom
Yredelemnul
Zin
The Shining One
Jiyva
Lugonu

Annotations:
D 1 transporter

▓....©....▓...©...▓
▓▓▓▓▓▓▓▓▓▓▓▓▓▓▓▓▓▓▓▓▓
▓...8©8...▓...8©8...▓
▓..)).=)..▓..):})|..▓
▓..[[:[|..▓...|.)|..▓
▓.........▓.........▓
▓.....e...▓.........▓
▓..§§e(...▓...††....▓
▓..§§@eD..▓...†)†...▓
▓...e§e...▓.▓.....▓.▓
▓.▓§)§e.▓.▓....©....▓
▓..§§§....▓▓▓▓▓▓▓▓▓▓▓
▓▓▓▓▓▓▓▓▓▓▓


You could see a deep elf blademaster (inner flame, reflecting), a swamp dragon
shaped shifter, a deep elf archer (empowered, repels missiles), a deep elf high
priest (inner flame, brilliance aura), 3 deep elf zephyrmancers and a +6
battleaxe of flaming.


Message History

Unknown command.
The deep elf blademaster blocks your attack.
Your headbutt misses the deep elf blademaster.
The snapping turtle changes into a faun!
The deep elf zephyrmancer hits you with a +0 rapier.
The deep elf zephyrmancer hits you but does no damage.
The deep elf archer gestures at you while chanting.
You resist with significant effort.
You bludgeon the deep elf archer!! You burn the deep elf archer.
The deep elf archer is filled with an inner flame.
You headbutt the deep elf archer! Okawaru is honoured by your kill.
The deep elf archer explodes!
The fiery explosion engulfs the deep elf blademaster!!
The fiery explosion engulfs the deep elf high priest!!!
The fiery explosion engulfs you! You resist.
Your base Fighting skill increases to level 18!
Your base Armour skill increases to level 18! 😕 HP[-7]
You now have 119 max hp (+1).
You take 7 damage, and now have 102/119 hp.
You bludgeon the deep elf blademaster!! You burn the deep elf blademaster!
The deep elf blademaster is filled with an inner flame.
Your headbutt misses the deep elf blademaster.
The deep elf blademaster is engulfed in blazing flames.
Flame seeps out of the deep elf blademaster.
The deep elf blademaster hits you with a +0 rapier!
The deep elf blademaster hits you but does no damage. 😮 HP[-14]
You take 14 damage, and now have 88/119 hp.
The deep elf blademaster blocks your attack.
The deep elf zephyrmancer hits you but does no damage.
The deep elf zephyrmancer gestures at you while chanting.
The bolt of lightning misses you.
The deep elf high priest prays to its god.
The deep elf high priest begins emitting a brilliant aura!
The deep elf archer is empowered by the deep elf high priest's aura!
The deep elf zephyrmancer is empowered by the deep elf high priest's aura! x2
The faun is empowered by the deep elf high priest's aura!
The deep elf zephyrmancer is empowered by the deep elf high priest's aura!
The deep elf archer hits you with a +2 long sword of holy wrath.
The deep elf blademaster is engulfed in blazing flames.
Flame seeps out of the deep elf blademaster.
Unknown command. 😮 HP[-1]
You take 1 damage, and now have 87/119 hp.
You are too injured to fight recklessly!
The deep elf blademaster is engulfed in blazing flames.
Flame seeps out of the deep elf blademaster.
The deep elf blademaster hits you with a +0 rapier!
The deep elf blademaster hits you with a +0 rapier.
The deep elf zephyrmancer casts a spell at you.
The bolt of lightning hits you!!
* * * LOW HITPOINT WARNING * * *
The deep elf zephyrmancer hits you but does no damage.
The deep elf high priest invokes the aid of its god against you.
Something smites you!
* * * LOW HITPOINT WARNING * * *
The deep elf archer casts a spell.
The deep elf archer blinks!
You are too injured to fight recklessly! 😱 HP[-62] MP[+1]
You take 62 damage, and now have 25/119 hp.
MASSIVE DAMAGE!! (PAUSE)
You are too injured to fight recklessly!
Unknown command.
You are too injured to fight recklessly!
You are too injured to fight recklessly!
You sock the deep elf zephyrmancer! You burn the deep elf zephyrmancer.
The deep elf zephyrmancer is filled with an inner flame.
Flame seeps out of the deep elf zephyrmancer.
You headbutt the deep elf zephyrmancer.
The +6 battleaxe of flaming hits you but does no damage.
Unknown command.
You hit the deep elf high priest. You burn the deep elf high priest.
The deep elf high priest is filled with an inner flame.
The deep elf blademaster is engulfed in blazing flames.
Flame seeps out of the deep elf blademaster.
The deep elf blademaster hits you but does no damage.
The deep elf blademaster hits you with a +0 rapier!
* * * LOW HITPOINT WARNING * * *
😱 HP[-12]
You take 12 damage, and now have 13/119 hp.
Unknown command.
Unknown command.
You feel much better.
The faun changes into a swamp dragon!
The deep elf blademaster is engulfed in blazing flames.
Flame seeps out of the deep elf blademaster.
The deep elf blademaster hits you but does no damage. x2
The deep elf zephyrmancer hits you but does no damage.
The deep elf zephyrmancer is engulfed in blazing flames.
Flame seeps out of the deep elf zephyrmancer.
The deep elf zephyrmancer gestures at you while chanting.
The bolt of lightning hits you.
* * * LOW HITPOINT WARNING * * *
The deep elf high priest invokes the aid of its god against you.
Something smites you!
* * * LOW HITPOINT WARNING * * *
The +6 battleaxe of flaming hits you!!
You die...

Skill      XL: |  1  2  3  4  5  6  7  8  9 10 11 |
---------------+----------------------------------+-----
Fighting       | 4 6 9 12 14 15 17 18 | 18.0
Maces & Flails | 2 4 8 12 13 14 17 | 17.6
Armour         | 4 6 8 9 12 14 15 17 18 | 18.0
Shields        | 4 6 9 |  9.0
Invocations    | 5 7 |  7.0
Unarmed Combat | |  2.1

Action                   |  1- 3 |  4- 6 |  7- 9 | 10-12 || total
-------------------------+-------+-------+-------+-------++-------
Melee: Shillelagh        |     5 |    17 |    28 |    12 ||    62
       Headbutt          |       |     1 |     6 |     3 ||    10
       Great mace        |       |       |       |    23 ||    23
Invok: Heroism           |       |       |     4 |     3 ||     7
       Finesse           |       |       |       |     3 ||     3
  Use: Potion            |       |     5 |       |     2 ||     7
Armor: Gold dragon scale |     9 |    18 |    12 |    51 ||    90
Dodge: Dodged            |     3 |     4 |    11 |    25 ||    43
Block: Buckler           |     6 |    12 |     9 |     3 ||    30

Levels and vault maps discovered:
D:        sprint_v [room_start, room_1, room_2, room_3, room_4, room_5, room_6,
          room_7, room_8, room_9, room_10, room_11, room_12, room_13, room_14,
          room_15, room_16, room_17, room_18, room_19, room_20, room_21,
          room_22, room_23, room_24, room_25, room_26, room_27]

Notes
Turn   | Place    | Note
-------+----------+-------------------------------------------
     0 | D        | ytrimaz the Minotaur Fighter began the quest for the Orb.
     0 | D        | Reached XP level 1. HP: 19/19 MP: 0/0
     0 | D        | magus.rc [v1.9.6]
     3 | D        | Found a blossoming altar of Fedhas.
     3 | D        | Found the +6 Majin-Bo {vamp, MP+6 Int+6}
     3 | D        | Found the +9 heavy crossbow "Sniper" {vorpal, Acc+∞ SInv}
     3 | D        | Found the +10 dark maul {vorpal}
     3 | D        | Found the +15 Maxwell's patent armour {-Cast -Tele rElec
                  | Will+ rCorr}
     3 | D        | Found the +18 shield of the Gong {rElec rN+ Will+ EV-5}
     3 | D        | Found the +14 obsidian axe {vorpal, Mesm Drain Fly SInv}
     3 | D        | Found the +7 great mace "Firestarter" {inner flame, rF++}
     3 | D        | Found the +6 shillelagh "Devastator" {shatter}
     3 | D        | Found the +11 plutonium sword {Contam Stlth-}
     3 | D        | Found the +8 lance "Wyrmbane" {slay drac, rPois rF+ rC+
                  | AC+3}
     3 | D        | Found the +9 sword of Zonguldrok {reap}
     3 | D        | Found the +13 scythe of Curses {drain, Drain}
     3 | D        | Found the +5 sword of Power {vorpal}
     3 | D        | Found the +7 mace of Variability {chain chaos}
     3 | D        | Found the +7 Singing Sword {vorpal, sonic wave}
     3 | D        | Found the +8 storm bow {elec, penet}
     5 | D        | Found a viscous altar of Jiyva.
     5 | D        | Found a hazy altar of Hepliaklqana.
     5 | D        | Found a transporter.
     5 | D        | Found an opulent altar of Gozag.
     5 | D        | Found an ancient bone altar of Kikubaaqudgha.
     5 | D        | Found a corrupted altar of Lugonu.
     9 | D        | Found a burning altar of Makhleb.
    10 | D        | Found a stormy altar of Qazlal.
    10 | D        | Found a sacrificial altar of Ru.
    10 | D        | Found an iron altar of Okawaru.
    10 | D        | Found a shimmering blue altar of Sif Muna.
    10 | D        | Found a sparkling altar of Nemelex Xobeh.
    10 | D        | Found a bloodstained altar of Trog.
    45 | D        | Identified +5 gold dragon scales (You found it in the
                  | Dungeon)
   134 | D        | Became a worshipper of Warmaster Okawaru
   147 | D        | Entered arena 2.
   147 | D        | Found a transporter.
   150 | D        | Reached skill level 4 in Fighting
   150 | D        | Reached skill level 2 in Maces & Flails
   150 | D        | Reached skill level 4 in Armour
   150 | D        | Reached skill level 4 in Shields
   150 | D        | Reached XP level 2. HP: 28/28 MP: 1/1
   154 | D        | Entered arena 3.
   154 | D        | Noticed a small abomination
   154 | D        | Found a transporter.
   159 | D        | Killed a small abomination
   159 | D        | Reached * piety under Okawaru
   160 | D        | Reached skill level 6 in Fighting
   160 | D        | Reached skill level 4 in Maces & Flails
   160 | D        | Reached skill level 6 in Armour
   160 | D        | Reached skill level 6 in Shields
   160 | D        | Reached XP level 3. HP: 13/37 MP: 2/2
   160 | D        | Reached XP level 4. HP: 15/44 MP: 3/3
   161 | D        | Reached skill level 5 in Maces & Flails
   169 | D        | You add the spells Beastly Appendage, Agony, Statue Form
                  | and Necromutation to your library.
   169 | D        | Got the Atlas of Mortification and Transformation
   319 | D        | Reached skill level 9 in Fighting
   319 | D        | Reached skill level 8 in Maces & Flails
   319 | D        | Reached skill level 8 in Armour
   319 | D        | Reached skill level 9 in Shields
   319 | D        | Reached XP level 5. HP: 50/57 MP: 4/4
   386 | D        | Entered arena 4.
   386 | D        | Noticed a hell hound
   386 | D        | Found a transporter.
   393 | D        | Reached skill level 9 in Armour
   393 | D        | Reached XP level 6. HP: 59/63 MP: 3/5
   393 | D        | Killed a hell hound
   394 | D        | Reached skill level 9 in Maces & Flails
   399 | D        | You add the spells Cigotuvi's Dreadful Rot, Swiftness,
                  | Fulminant Prism and Irradiate to your library.
   399 | D        | Got Riss's Catalogue of Charged Blows and Bruises
   411 | D        | Entered arena 5.
   411 | D        | Noticed a cyan very ugly thing
   411 | D        | Noticed a large abomination
   411 | D        | Found a transporter.
   416 | D        | HP: 11/66 [cyan very ugly thing (21)]
   421 | D        | Killed a large abomination
   421 | D        | Reached ** piety under Okawaru
   422 | D        | Reached skill level 10 in Fighting
   422 | D        | Reached skill level 10 in Armour
   427 | D        | Killed a cyan very ugly thing
   428 | D        | Reached skill level 12 in Fighting
   428 | D        | Reached skill level 12 in Maces & Flails
   428 | D        | Reached skill level 12 in Armour
   428 | D        | Reached XP level 7. HP: 52/78 MP: 0/6
   428 | D        | Reached XP level 8. HP: 56/85 MP: 0/7
   430 | D        | You add the spells Magic Dart, Static Discharge, Mephitic
                  | Cloud and Iron Shot to your library.
   430 | D        | Got the Papyrus of the Stinger and Conjury
   527 | D        | Entered arena 6.
   527 | D        | Noticed a cyclops
   527 | D        | Noticed a two-headed ogre
   527 | D        | Found a transporter.
   532 | D        | Reached skill level 1 in Invocations
   533 | D        | Reached skill level 2 in Invocations
   533 | D        | Killed a cyclops
   533 | D        | Reached *** piety under Okawaru
   534 | D        | Reached skill level 13 in Fighting
   534 | D        | Reached skill level 13 in Armour
   534 | D        | Reached skill level 3 in Invocations
   534 | D        | Killed a two-headed ogre
   534 | D        | Reached **** piety under Okawaru
   535 | D        | Reached skill level 14 in Fighting
   535 | D        | Reached skill level 13 in Maces & Flails
   535 | D        | Reached skill level 14 in Armour
   535 | D        | Reached skill level 5 in Invocations
   535 | D        | Reached XP level 9. HP: 83/95 MP: 5/11
   546 | D        | Entered arena 7.
   546 | D        | Noticed a shining eye
   547 | D        | Found a transporter.
   557 | D        | Killed a shining eye
   558 | D        | Reached skill level 6 in Invocations
   559 | D        | Reached skill level 14 in Maces & Flails
   564 | D        | Got the ring of Fatigue {rPois rCorr Str+3 Stlth+}
   577 | D        | Entered arena 8.
   578 | D        | Found a transporter.
   599 | D        | Got the amulet of Jum Gyli {Contam +Blink rN+ Regen+}
   618 | D        | Entered arena 9.
   618 | D        | Noticed a two-headed ogre
   618 | D        | Noticed a troll
   618 | D        | Noticed a cyclops
   619 | D        | Found a transporter.
   627 | D        | Killed a cyclops
   627 | D        | Killed a troll
   627 | D        | Reached ***** piety under Okawaru
   628 | D        | Reached skill level 15 in Fighting
   628 | D        | Reached skill level 15 in Armour
   628 | D        | Reached skill level 7 in Invocations
   628 | D        | Reached XP level 10. HP: 72/105 MP: 9/14
   630 | D        | Killed a two-headed ogre
   631 | D        | Reached skill level 15 in Maces & Flails
   685 | D        | Entered arena 10.
   685 | D        | Noticed a black mamba
   685 | D        | Noticed a naga mage
   685 | D        | Noticed a black mamba
   685 | D        | Noticed a naga mage
   686 | D        | Found a transporter.
   691 | D        | Killed a black mamba
   692 | D        | Reached skill level 16 in Fighting
   692 | D        | Reached skill level 16 in Armour
   693 | D        | Killed a black mamba
   699 | D        | Killed a naga mage
   699 | D        | Killed a naga mage
   700 | D        | Reached skill level 16 in Maces & Flails
   705 | D        | Got the ring "Ypry Hie" {rPois rF+ rN+}
   961 | D        | Entered arena 11.
   962 | D        | Found a transporter.
   969 | D        | Received a gift from Okawaru
   970 | D        | Reached skill level 17 in Fighting
   970 | D        | Reached skill level 17 in Armour
   981 | D        | HP: 27/111 [poisoned by a redback]
   988 | D        | Got the amulet of the Final Decision {Faith rElec rC+
                  | Dex-2}
  1069 | D        | Entered arena 12.
  1069 | D        | Noticed a deep elf archer
  1069 | D        | Noticed a deep elf zephyrmancer
  1069 | D        | Noticed a deep elf zephyrmancer
  1069 | D        | Noticed a deep elf blademaster
  1070 | D        | Noticed a deep elf blademaster
  1070 | D        | Noticed a deep elf zephyrmancer
  1072 | D        | Noticed a deep elf archer
  1072 | D        | Noticed a deep elf high priest
  1075 | D        | Found a transporter.
  1075 | D        | Noticed a +6 battleaxe of flaming
  1076 | D        | Killed a deep elf blademaster
  1077 | D        | Reached skill level 17 in Maces & Flails
  1077 | D        | Reached XP level 11. HP: 118/118 MP: 7/15
  1080 | D        | Killed a deep elf archer
  1081 | D        | Reached skill level 18 in Fighting
  1081 | D        | Reached skill level 18 in Armour
  1083 | D        | HP: 25/119 [deep elf high priest/divine providence (12)]
  1086 | D        | a faun changed into a swamp dragon
  1086 | D        | Noticed a swamp dragon (glowing shapeshifter)
  1086 | D        | Slain by a +6 battleaxe of flaming

Vanquished Creatures
  A deep elf blademaster (D)
  A very ugly thing (D)
  2 two-headed ogres (D)
  A deep elf archer (D)
  A shining eye (D)
  2 cyclopes (D)
  2 naga magi (D)
  2 black mambas (D)
  A troll (D)
  2 tarantellas (D)
  A slime creature (D)
  A jumping spider (D)
  3 redbacks (D)
  A naga (D)
  A water moccasin (D)
  A large abomination (D)
  A hell hound (D)
  7 ogres (D)
  A necrophage (D)
  3 scorpions (D)
  2 wights (D)
  A small abomination (D)
  2 quasits (D)
  2 jellies (D)
  An iron imp (D)
  An adder (D)
  4 shadow imps (D)
  An ufetubus (D)
  An adder skeleton (D)
  An adder zombie (D)
  2 endoplasms (D)
  A ball python (D)
  A ball python skeleton (D)
  A ball python zombie (D)
56 creatures vanquished.

Table legend:
 A = Non-vault XP
 B = Vault XP
 C = Vault XP percentage of total XP
 D = Non-vault monster count
 E = Vault monster count
 F = Vault count percentage of total count
                 A         B        C        D         E       F
            +---------+---------+-------+---------+---------+-------
      Total |       0 |   12596 | 100.0 |       0 |      56 | 100.0
            +---------+---------+-------+---------+---------+-------
          D |       0 |   12596 | 100.0 |       0 |      56 | 100.0
            +---------+---------+-------+---------+---------+-------

Illustrated notes

Table legend:
 A = Kills in this place as a percentage of kills in entire the game.
 B = Kills by you in this place as a percentage of kills by you in the entire game.
 C = Kills by friends in this place as a percentage of kills by friends in the entire game.
 D = Other kills in this place as a percentage of other kills in the entire game.
 E = Experience gained in this place as a percentage of experience gained in the entire game.
 F = Experience gained in this place divided by the number of levels of this place that you have seen.
                   A       B       C       D       E      F
               +-------+-------+-------+-------+-------+----------------------
         Total | 100.0 | 100.0 |   N/A |   N/A | 100.0 | 12596.0
       Dungeon | 100.0 | 100.0 |   N/A |   N/A | 100.0 | 12596.0
               +-------+-------+-------+-------+-------+----------------------

Table legend: (Time is in decaauts)
 A = Elapsed time spent in this place.
 B = Non-inter-level travel time spent in this place.
 C = Inter-level travel time spent in this place.
 D = Time resting spent in this place.
 E = Time spent auto-exploring this place.
 F = Levels seen in this place.
 G = Mean time per level.
                   A        B        C        D        E       F      G
               +--------+--------+--------+--------+--------+-----+--------+
         Total |   1032 |   1032 |      0 |    561 |     78 |   1 | 1032.0 |
       Dungeon |   1032 |   1032 |      0 |    561 |     78 |   1 | 1032.0 |
               +--------+--------+--------+--------+--------+-----+--------+

Top non-repeatable levels by time:
       D: 1032 daAuts
